2024 views
Uploaded 2023-10-25 00:43:36
Game version 1.36 (6115)
38:57 long 2on2 ladder game on (4)PhantomGrove_S2_v2.0
Saved by GIGA
2024 views
Uploaded 2023-10-25 00:43:36
Game version 1.36 (6115)
38:57 long 2on2 ladder game on (4)PhantomGrove_S2_v2.0


106 units @ 13.9k
/ 2.1k
76 buildings @ 10.8k
/ 5.5k
asassain
(38:55) : 


| Scroll of Regeneration | 5 | 500 |
| Lesser Clarity Potion | 10 | 700 |
| Potion of Healing | 2 | 300 |
| Orb of Fire | 3 | 975 |
| Potion of Mana | 2 | 400 |
| Scroll of Town Portal | 2 | 700 |
| Circlet of Nobility | 1 | 175 |
| Periapt of Vitality | 1 | 325 |
| total: | 26 | 4075g |
| Peasant | 29 | 2175 | / | 0 |
| Footman | 5 | 675 | / | 0 |
| Spell Breaker | 4 | 860 | / | 120 |
| Priest | 11 | 1485 | / | 110 |
| Sorceress | 2 | 310 | / | 40 |
| Mortar Team | 10 | 1800 | / | 700 |
| Siege Engine | 2 | 390 | / | 120 |
| total: | 63 | 7695g | / | 1090w |
| Scout Tower | 14 | 420 | / | 280 |
| Guard Tower | 8 | 560 | / | 400 |
| Arcane Tower | 2 | 140 | / | 100 |
| Altar of Kings | 1 | 180 | / | 50 |
| Farm | 11 | 880 | / | 220 |
| Barracks | 1 | 160 | / | 60 |
| Town Hall | 9 | 3465 | / | 1845 |
| Lumber Mill | 1 | 120 | / | 0 |
| Arcane Vault | 3 | 390 | / | 90 |
| Blacksmith | 1 | 140 | / | 60 |
| Cannon Tower | 3 | 360 | / | 300 |
| Arcane Sanctum | 2 | 300 | / | 280 |
| Workshop | 3 | 420 | / | 420 |
| Keep | 1 | 320 | / | 210 |
| Castle | 1 | 360 | / | 210 |
| total: | 46 | 6475g | / | 3305w |
| 0:02 | Peasant |
| 0:03 | Peasant |
| 0:07 | Altar of Kings |
| 0:19 | Farm |
| 0:21 | Peasant |
| 0:34 | Barracks |
| 0:37 | Peasant |
| 0:49 | Farm |
| 0:54 | Peasant |
| 1:13 | Peasant |
| 1:27 | Peasant |
| 1:36 | Peasant |
| 1:39 | Farm |
| 1:40 | Footman |
| 1:53 | Footman |
| 2:21 | Peasant |
| 2:23 | Footman |
| 2:38 | Summon Water Elemental |
| 2:47 | Peasant |
| 3:29 | Town Hall |
| 3:33 | Town Hall |
| 3:37 | Footman |
| 3:39 | Peasant |
| 3:41 | Lumber Mill |
| 4:13 | Keep |
| 4:30 | Scout Tower |
| 5:14 | Guard Tower |
| 5:16 | Scout Tower |
| 5:17 | Peasant |
| 5:18 | Peasant |
| 5:22 | Arcane Vault |
| 5:25 | Arcane Vault |
| 5:25 | Footman |
| 5:34 | Improved Lumber Harvesting |
| 5:38 | Blacksmith |
| 5:42 | Brilliance Aura |
| 5:47 | Guard Tower |
| 5:48 | Scout Tower |
| 5:51 | Defend |
| 6:16 | Arcane Tower |
| 6:19 | Farm |
| 6:30 | Scroll of Regeneration |
| 6:31 | Lesser Clarity Potion |
| 6:31 | Scroll of Regeneration |
| 6:40 | Peasant |
| 6:41 | Peasant |
| 6:43 | Advanced Lumber Harvesting |
| 7:03 | Farm |
| 7:39 | Potion of Healing |
| 7:39 | Lesser Clarity Potion |
| 7:48 | Storm Bolt |
| 8:02 | Lesser Clarity Potion |
| 8:09 | Arcane Sanctum |
| 8:17 | Scroll of Regeneration |
| 8:18 | Lesser Clarity Potion |
| 8:25 | Iron Forged Swords |
| 8:28 | Improved Masonry |
| 8:31 | Arcane Sanctum |
| 8:39 | Castle |
| 8:53 | Circlet of Nobility |
| 8:54 | Periapt of Vitality |
| 9:30 | Spell Breaker |
| 9:33 | Farm |
| 9:35 | Iron Plating |
| 9:48 | Priest |
| 9:48 | Priest |
| 9:56 | Summon Water Elemental |
| 10:13 | Scroll of Regeneration |
| 10:13 | Lesser Clarity Potion |
| 10:14 | Scroll of Town Portal |
| 10:25 | Bash |
| 10:32 | Priest Adept Training |
| 10:50 | Spell Breaker |
| 10:50 | Spell Breaker |
| 11:14 | Scout Tower |
| 11:32 | Sorceress Adept Training |
| 12:14 | Storm Bolt |
| 12:15 | Priest Master Training |
| 12:19 | Scout Tower |
| 12:20 | Guard Tower |
| 12:29 | Holy Light |
| 12:30 | Lesser Clarity Potion |
| 12:30 | Potion of Healing |
| 12:30 | Orb of Fire |
| 12:31 | Lesser Clarity Potion |
| 12:33 | Scroll of Town Portal |
| 12:34 | Potion of Mana |
| 13:01 | Sorceress |
| 13:03 | Town Hall |
| 13:04 | Guard Tower |
| 14:15 | Farm |
| 14:44 | Priest |
| 14:45 | Sorceress Master Training |
| 15:07 | Farm |
| 15:11 | Steel Forged Swords |
| 15:13 | Spell Breaker |
| 16:40 | Peasant |
| 16:40 | Peasant |
| 16:40 | Peasant |
| 17:13 | Workshop |
| 17:16 | Workshop |
| 17:19 | Workshop |
| 17:23 | Priest |
| 17:25 | Priest |
| 17:26 | Peasant |
| 17:26 | Peasant |
| 17:26 | Peasant |
| 17:27 | Peasant |
| 17:46 | Scout Tower |
| 18:01 | Sorceress |
| 18:06 | Mortar Team |
| 18:06 | Mortar Team |
| 18:08 | Mortar Team |
| 18:08 | Mortar Team |
| 18:10 | Farm |
| 18:11 | Farm |
| 18:14 | Scout Tower |
| 18:18 | Peasant |
| 18:21 | Mortar Team |
| 18:22 | Mortar Team |
| 18:34 | Guard Tower |
| 18:38 | Scout Tower |
| 18:54 | Scout Tower |
| 18:59 | Cannon Tower |
| 19:02 | Fragmentation Shards |
| 19:03 | Mortar Team |
| 19:09 | Farm |
| 19:14 | Arcane Tower |
| 19:25 | Brilliance Aura |
| 19:38 | Flare |
| 19:58 | Scout Tower |
| 19:59 | Cannon Tower |
| 20:34 | Scout Tower |
| 20:36 | Cannon Tower |
| 21:40 | Peasant |
| 21:40 | Peasant |
| 22:20 | Devotion Aura |
| 22:23 | Scout Tower |
| 22:34 | Priest |
| 22:34 | Priest |
| 22:51 | Scout Tower |
| 22:51 | Guard Tower |
| 23:29 | Town Hall |
| 23:30 | Guard Tower |
| 23:47 | Siege Engine |
| 25:11 | Mortar Team |
| 25:57 | Mortar Team |
| 26:44 | Town Hall |
| 28:14 | Priest |
| 29:18 | Town Hall |
| 29:21 | Siege Engine |
| 30:38 | Town Hall |
| 30:42 | Peasant |
| 30:42 | Peasant |
| 31:23 | Mortar Team |
| 31:37 | Priest |
| 31:41 | Arcane Vault |
| 32:42 | Bash |
| 32:52 | Scout Tower |
| 32:53 | Orb of Fire |
| 32:54 | Lesser Clarity Potion |
| 33:18 | Scroll of Regeneration |
| 33:29 | Lesser Clarity Potion |
| 33:29 | Lesser Clarity Potion |
| 33:35 | Guard Tower |
| 33:38 | Town Hall |
| 33:46 | Priest |
| 33:56 | Town Hall |
| 34:01 | Peasant |
| 34:02 | Peasant |
| 35:44 | Orb of Fire |
| 37:39 | Priest |
| 38:06 | Holy Light |
| 38:27 | Potion of Mana |
| Right click | 1122 |
| Select | 880 |
| Select group | 220 |
| Build/train/purchase | 192 |
| Use ability | 53 |
| Assign group | 31 |
| Chat | 25 |
| Resource trade | 21 |
| Misc. action | 11 |
| Minimap ping | 9 |
| Item give/drop | 8 |
| Esc | 1 |



| Healing Salve | 6 | 600 |
| Scroll of Speed | 3 | 150 |
| Orb of Lightning | 2 | 750 |
| Tiny Great Hall | 1 | 600 |
| Scroll of Town Portal | 3 | 1050 |
| Scroll of Healing | 1 | 250 |
| Circlet of Nobility | 1 | 175 |
| Potion of Lesser Invulnerability | 2 | 300 |
| Staff of Teleportation | 1 | 150 |
| total: | 20 | 4025g |
| Peon | 12 | 900 | / | 0 |
| Grunt | 3 | 600 | / | 0 |
| Spirit Walker | 2 | 390 | / | 70 |
| Tauren | 3 | 840 | / | 240 |
| Troll Headhunter | 2 | 280 | / | 40 |
| Troll Berserker | 5 | 700 | / | 100 |
| Troll Batrider | 10 | 1600 | / | 400 |
| Troll Witch Doctor | 6 | 870 | / | 150 |
| total: | 43 | 6180g | / | 1000w |
| Watch Tower | 15 | 1650 | / | 1200 |
| Altar of Storms | 1 | 180 | / | 50 |
| Orc Burrow | 7 | 1120 | / | 280 |
| Barracks | 1 | 180 | / | 50 |
| Voodoo Lounge | 1 | 130 | / | 30 |
| War Mill | 1 | 205 | / | 0 |
| Great Hall | 1 | 385 | / | 185 |
| Tauren Totem | 1 | 135 | / | 155 |
| Beastiary | 1 | 145 | / | 140 |
| Spirit Lodge | 1 | 150 | / | 150 |
| Stronghold | 1 | 315 | / | 190 |
| Fortress | 1 | 325 | / | 190 |
| total: | 30 | 4280g | / | 2240w |
| 0:04 | Peon |
| 0:04 | Peon |
| 0:08 | Altar of Storms |
| 0:17 | Orc Burrow |
| 0:28 | Peon |
| 0:37 | Barracks |
| 0:46 | Peon |
| 1:00 | Peon |
| 1:18 | Peon |
| 1:30 | Voodoo Lounge |
| 1:38 | Grunt |
| 1:43 | Peon |
| 1:59 | Peon |
| 2:06 | Wind Walk |
| 2:34 | Stronghold |
| 2:49 | Orc Burrow |
| 2:53 | Healing Salve |
| 2:53 | Healing Salve |
| 2:53 | Scroll of Speed |
| 3:04 | Orc Burrow |
| 3:42 | Grunt |
| 4:09 | Critical Strike |
| 4:44 | Grunt |
| 4:59 | Tauren Totem |
| 5:15 | Fortress |
| 5:54 | Healing Salve |
| 5:54 | Healing Salve |
| 6:22 | Endurance Aura |
| 6:24 | Spirit Walker |
| 6:26 | War Mill |
| 7:01 | Spirit Walker Adept Training |
| 7:04 | Orc Burrow |
| 7:12 | War Stomp |
| 7:19 | Wind Walk |
| 7:44 | Scroll of Speed |
| 7:58 | Reinforced Defenses |
| 8:26 | Tauren |
| 8:31 | Troll Headhunter |
| 8:45 | Orb of Lightning |
| 8:45 | Healing Salve |
| 8:45 | Scroll of Speed |
| 8:47 | Healing Salve |
| 9:15 | Spirit Walker |
| 9:19 | Healing Wave |
| 9:37 | Circlet of Nobility |
| 9:37 | Potion of Lesser Invulnerability |
| 10:23 | Hex |
| 10:43 | War Stomp |
| 10:57 | Spirit Walker Master Training |
| 11:10 | Troll Headhunter |
| 11:10 | Berserker Upgrade |
| 11:31 | Beastiary |
| 11:34 | Orc Burrow |
| 11:50 | Tauren |
| 12:32 | Troll Berserker |
| 12:57 | Troll Batrider |
| 13:03 | Pulverize |
| 13:04 | Troll Berserker |
| 13:49 | Healing Wave |
| 13:58 | Tauren |
| 13:59 | Troll Batrider |
| 14:00 | Troll Berserker |
| 14:30 | Troll Batrider |
| 14:32 | Orc Burrow |
| 15:22 | Scroll of Town Portal |
| 15:22 | Scroll of Healing |
| 16:00 | Endurance Aura |
| 16:08 | Troll Batrider |
| 16:09 | Troll Berserker |
| 16:10 | Steel Ranged Weapons |
| 16:38 | Critical Strike |
| 16:46 | Spirit Lodge |
| 16:49 | Burning Oil |
| 18:39 | Troll Witch Doctor |
| 18:39 | Witch Doctor Adept Training |
| 18:45 | Orc Burrow |
| 18:59 | Thorium Ranged Weapons |
| 20:20 | Troll Batrider |
| 20:22 | Troll Berserker |
| 20:23 | Troll Witch Doctor |
| 20:24 | Witch Doctor Master Training |
| 21:15 | Orb of Lightning |
| 21:43 | Staff of Teleportation |
| 21:49 | Scroll of Town Portal |
| 22:33 | Watch Tower |
| 22:33 | Watch Tower |
| 22:35 | Watch Tower |
| 22:36 | Watch Tower |
| 22:50 | Tiny Great Hall |
| 23:01 | Troll Batrider |
| 23:24 | Troll Witch Doctor |
| 26:01 | Hex |
| 26:19 | Watch Tower |
| 27:06 | Troll Batrider |
| 27:53 | Scroll of Town Portal |
| 28:03 | Troll Witch Doctor |
| 28:18 | Watch Tower |
| 29:42 | Troll Witch Doctor |
| 29:43 | Troll Batrider |
| 29:45 | Arcanite Ranged Weapons |
| 29:53 | Watch Tower |
| 31:29 | Watch Tower |
| 31:47 | Potion of Lesser Invulnerability |
| 33:28 | Watch Tower |
| 33:34 | Watch Tower |
| 34:22 | Troll Witch Doctor |
| 34:25 | Troll Batrider |
| 34:32 | Great Hall |
| 34:34 | Watch Tower |
| 34:35 | Watch Tower |
| 34:39 | Watch Tower |
| 35:03 | Peon |
| 35:03 | Peon |
| 35:08 | Troll Batrider |
| 35:44 | War Stomp |
| 36:32 | Watch Tower |
| 36:35 | Watch Tower |
| 36:39 | Peon |
| 36:39 | Peon |
| 37:29 | Critical Strike |
| Right click | 3111 |
| Select | 1235 |
| Select group | 307 |
| Build/train/purchase | 212 |
| Use ability | 122 |
| Misc. action | 78 |
| Assign group | 36 |
| Item give/drop | 12 |
| Resource trade | 4 |
| Esc | 1 |
86 units @ 9.9k
/ 1.5k
87 buildings @ 8.2k
/ 4k
GIGA
(207)
(38:53) : 
| Moonstone | 1 | 50 |
| Dust of Appearance | 2 | 150 |
| Boots of Speed | 1 | 250 |
| Staff of Teleportation | 1 | 150 |
| total: | 5 | 600g |
| Wisp | 20 | 1200 | / | 0 |
| Archer | 8 | 1040 | / | 80 |
| Druid of the Claw | 3 | 765 | / | 240 |
| Chimaera | 5 | 1650 | / | 350 |
| total: | 36 | 4655g | / | 670w |
| Ancient Protector | 4 | 540 | / | 320 |
| Altar of Elders | 2 | 360 | / | 100 |
| Moon Well | 10 | 1800 | / | 400 |
| Ancient of War | 1 | 150 | / | 60 |
| Ancient of Wonders | 1 | 90 | / | 30 |
| Hunter's Hall | 1 | 210 | / | 100 |
| Tree of Life | 1 | 340 | / | 185 |
| Ancient of Lore | 1 | 155 | / | 145 |
| Chimaera Roost | 1 | 140 | / | 190 |
| Tree of Ages | 1 | 320 | / | 180 |
| Tree of Eternity | 2 | 660 | / | 400 |
| total: | 22 | 3785g | / | 1530w |
| 0:02 | Wisp |
| 0:03 | Wisp |
| 0:08 | Altar of Elders |
| 0:14 | Moon Well |
| 0:21 | Wisp |
| 0:31 | Wisp |
| 0:40 | Wisp |
| 0:45 | Ancient of War |
| 0:50 | Wisp |
| 1:22 | Wisp |
| 1:30 | Moon Well |
| 1:48 | Archer |
| 1:50 | Wisp |
| 1:50 | Wisp |
| 2:02 | Wisp |
| 2:13 | Shadow Strike |
| 3:07 | Wisp |
| 3:07 | Wisp |
| 3:20 | Blink |
| 3:39 | Ancient of Wonders |
| 3:42 | Wisp |
| 3:42 | Wisp |
| 3:46 | Archer |
| 3:46 | Archer |
| 4:27 | Moon Well |
| 4:33 | Archer |
| 4:41 | Dust of Appearance |
| 5:15 | Archer |
| 5:20 | Tree of Ages |
| 5:31 | Hunter's Hall |
| 6:15 | Archer |
| 6:41 | Ancient Protector |
| 6:43 | Ancient Protector |
| 6:59 | Archer |
| 7:00 | Archer |
| 8:04 | Tree of Eternity |
| 8:08 | Wisp |
| 8:08 | Wisp |
| 8:08 | Wisp |
| 8:15 | Ancient Protector |
| 8:17 | Ancient Protector |
| 8:23 | Ancient of Lore |
| 8:52 | Ultravision |
| 8:55 | Tree of Eternity |
| 8:59 | Shadow Strike |
| 9:23 | Moonstone |
| 9:27 | Dust of Appearance |
| 9:55 | Druid of the Claw Adept Training |
| 9:56 | Druid of the Claw |
| 9:57 | Druid of the Claw |
| 11:00 | Boots of Speed |
| 11:03 | Staff of Teleportation |
| 11:21 | Chimaera Roost |
| 11:41 | Druid of the Claw Master Training |
| 12:00 | Nature's Blessing |
| 12:02 | Well Spring |
| 12:09 | Moon Well |
| 12:14 | Wisp |
| 12:15 | Wisp |
| 12:15 | Wisp |
| 13:00 | Druid of the Claw |
| 13:18 | Blink |
| 13:30 | Corrosive Breath |
| 14:18 | Moon Well |
| 14:28 | Moon Well |
| 16:52 | Moon Well |
| 19:18 | Tree of Life |
| 19:28 | Chimaera |
| 23:35 | Moon Well |
| 26:50 | Altar of Elders |
| 32:36 | Shadow Strike |
| 34:26 | Moon Well |
| 34:29 | Chimaera |
| 34:29 | Chimaera |
| 34:37 | Moon Well |
| 35:57 | Chimaera |
| 35:57 | Chimaera |
| Right click | 2648 |
| Select group | 1069 |
| Select | 391 |
| Use ability | 110 |
| Build/train/purchase | 78 |
| Resource trade | 44 |
| Chat | 26 |
| Assign group | 18 |
| Misc. action | 16 |
| Item give/drop | 4 |
| Esc | 4 |
| Minimap ping | 4 |


| Scroll of Regeneration | 1 | 100 |
| Orb of Fire | 1 | 325 |
| Dust of Appearance | 1 | 75 |
| Boots of Speed | 1 | 250 |
| total: | 4 | 750g |
| Peasant | 21 | 1575 | / | 0 |
| Footman | 8 | 1080 | / | 0 |
| Flying Machine | 15 | 1500 | / | 450 |
| Mortar Team | 4 | 720 | / | 280 |
| Dragonhawk Rider | 2 | 400 | / | 60 |
| total: | 50 | 5275g | / | 790w |
| Scout Tower | 40 | 1200 | / | 800 |
| Arcane Tower | 3 | 210 | / | 150 |
| Guard Tower | 22 | 1540 | / | 1100 |
| Altar of Kings | 2 | 360 | / | 100 |
| Barracks | 1 | 160 | / | 60 |
| Farm | 10 | 800 | / | 200 |
| Lumber Mill | 1 | 120 | / | 0 |
| Arcane Vault | 2 | 260 | / | 60 |
| Town Hall | 1 | 385 | / | 205 |
| Blacksmith | 1 | 140 | / | 60 |
| Workshop | 6 | 840 | / | 840 |
| Gryphon Aviary | 1 | 140 | / | 150 |
| Keep | 1 | 320 | / | 210 |
| Castle | 1 | 360 | / | 210 |
| total: | 65 | 4405g | / | 2475w |
| 0:02 | Peasant |
| 0:10 | Altar of Kings |
| 0:21 | Barracks |
| 0:24 | Peasant |
| 0:25 | Peasant |
| 0:42 | Farm |
| 0:43 | Peasant |
| 0:52 | Peasant |
| 0:55 | Farm |
| 1:00 | Peasant |
| 1:20 | Peasant |
| 1:23 | Footman |
| 1:34 | Peasant |
| 1:48 | Footman |
| 1:51 | Farm |
| 1:54 | Scout Tower |
| 2:34 | Arcane Tower |
| 2:35 | Peasant |
| 2:36 | Lumber Mill |
| 2:37 | Footman |
| 2:39 | Storm Bolt |
| 3:05 | Footman |
| 3:11 | Scout Tower |
| 3:36 | Scout Tower |
| 3:37 | Peasant |
| 3:40 | Footman |
| 3:41 | Guard Tower |
| 3:59 | Dust of Appearance |
| 4:12 | Guard Tower |
| 4:15 | Arcane Vault |
| 4:19 | Footman |
| 4:27 | Peasant |
| 4:43 | Keep |
| 5:33 | Scout Tower |
| 5:33 | Scout Tower |
| 6:14 | Town Hall |
| 6:16 | Scout Tower |
| 6:21 | Scout Tower |
| 6:23 | Bash |
| 6:27 | Guard Tower |
| 6:29 | Improved Masonry |
| 6:29 | Improved Lumber Harvesting |
| 6:32 | Scout Tower |
| 6:32 | Scout Tower |
| 6:35 | Arcane Tower |
| 6:48 | Guard Tower |
| 7:02 | Scroll of Regeneration |
| 7:07 | Guard Tower |
| 7:11 | Farm |
| 7:58 | Castle |
| 7:59 | Guard Tower |
| 8:06 | Peasant |
| 8:06 | Peasant |
| 8:06 | Peasant |
| 8:11 | Footman |
| 8:11 | Footman |
| 8:35 | Blacksmith |
| 8:36 | Scout Tower |
| 8:38 | Scout Tower |
| 8:39 | Scout Tower |
| 8:41 | Peasant |
| 8:50 | Advanced Lumber Harvesting |
| 8:50 | Advanced Masonry |
| 8:54 | Scout Tower |
| 8:54 | Scout Tower |
| 8:55 | Scout Tower |
| 9:13 | Guard Tower |
| 9:18 | Scout Tower |
| 9:18 | Scout Tower |
| 9:34 | Guard Tower |
| 9:36 | Guard Tower |
| 9:38 | Scout Tower |
| 9:48 | Holy Light |
| 9:55 | Scout Tower |
| 9:59 | Workshop |
| 10:01 | Peasant |
| 10:02 | Workshop |
| 10:08 | Guard Tower |
| 10:11 | Guard Tower |
| 10:18 | Guard Tower |
| 10:20 | Guard Tower |
| 10:21 | Black Gunpowder |
| 10:22 | Scout Tower |
| 10:38 | Workshop |
| 10:40 | Workshop |
| 10:41 | Workshop |
| 10:43 | Workshop |
| 11:12 | Boots of Speed |
| 11:21 | Flak Cannons |
| 11:23 | Farm |
| 11:24 | Farm |
| 11:24 | Farm |
| 11:36 | Refined Gunpowder |
| 12:08 | Flying Machine Bombs |
| 12:08 | Fragmentation Shards |
| 12:23 | Imbued Masonry |
| 12:30 | Peasant |
| 12:30 | Peasant |
| 12:30 | Peasant |
| 12:31 | Flare |
| 12:40 | Guard Tower |
| 13:00 | Iron Plating |
| 13:05 | Farm |
| 13:08 | Scout Tower |
| 13:08 | Scout Tower |
| 13:10 | Scout Tower |
| 13:20 | Peasant |
| 13:20 | Peasant |
| 13:45 | Guard Tower |
| 13:48 | Scout Tower |
| 13:49 | Scout Tower |
| 13:58 | Imbued Gunpowder |
| 14:00 | Flying Machine |
| 14:02 | Flying Machine |
| 14:05 | Guard Tower |
| 14:13 | Farm |
| 14:33 | Guard Tower |
| 14:37 | Scout Tower |
| 14:39 | Scout Tower |
| 14:40 | Guard Tower |
| 14:43 | Mortar Team |
| 14:54 | Scout Tower |
| 14:54 | Scout Tower |
| 15:12 | Guard Tower |
| 15:14 | Scout Tower |
| 15:15 | Scout Tower |
| 15:15 | Scout Tower |
| 15:32 | Guard Tower |
| 15:33 | Scout Tower |
| 15:35 | Scout Tower |
| 15:35 | Scout Tower |
| 15:36 | Scout Tower |
| 15:36 | Scout Tower |
| 15:38 | Scout Tower |
| 15:39 | Scout Tower |
| 15:39 | Steel Plating |
| 15:55 | Scout Tower |
| 15:57 | Guard Tower |
| 16:08 | Gryphon Aviary |
| 16:11 | Arcane Vault |
| 16:39 | Arcane Tower |
| 17:22 | Mithril Plating |
| 17:25 | Flying Machine |
| 17:26 | Flying Machine |
| 17:28 | Flying Machine |
| 17:28 | Flying Machine |
| 17:29 | Farm |
| 17:42 | Divine Shield |
| 18:27 | Guard Tower |
| 18:37 | Flying Machine |
| 18:37 | Flying Machine |
| 18:37 | Flying Machine |
| 18:38 | Flying Machine |
| 18:38 | Flying Machine |
| 18:38 | Flying Machine |
| 18:38 | Flying Machine |
| 18:45 | Cloud |
| 18:46 | Dragonhawk Rider |
| 18:46 | Dragonhawk Rider |
| 20:02 | Orb of Fire |
| 20:25 | Flying Machine |
| 22:23 | Mortar Team |
| 22:31 | Storm Bolt |
| 24:04 | Mortar Team |
| 29:04 | Bash |
| 29:05 | Holy Light |
| 30:17 | Flying Machine |
| 32:54 | Altar of Kings |
| 36:19 | Divine Shield |
| 37:03 | Mortar Team |
| 37:41 | Storm Bolt |
| 37:42 | Storm Bolt |
| 38:41 | Avatar |
| Right click | 2545 |
| Select group | 744 |
| Select | 576 |
| Build/train/purchase | 181 |
| Misc. action | 113 |
| Use ability | 65 |
| Assign group | 27 |
| Resource trade | 27 |
| Esc | 5 |
| Chat | 4 |
| Minimap ping | 3 |
| Item give/drop | 2 |